 Dungeon Crawl Stone Soup version 0.29-a0-319-gad05b8d819 (webtiles) character file.

Game seed: 11929213987934056584

54 GigaChad the Grasshopper (level 3, -1/35 HPs)
             Began as a Troll Warper on Apr 1, 2022.
             Slain by a gnoll
             ... wielding a +0 spear
              (3 damage)
             ... on level 2 of the Dungeon.
             The game lasted 00:02:57 (370 turns).

GigaChad the Grasshopper (Troll Warper)              Turns: 370, Time: 00:02:58

Health: -1/35      AC:  4    Str: 19    XL:     3   Next: 66%
Magic:  4/4        EV: 10    Int:  9    God:
Gold:   0          SH:  0    Dex: 11    Spells: 4/4 levels left

rFire   . . .      SeeInvis .     - Unarmed
rCold   . . .      Faith    .   (no shield)
rNeg    . . .      Spirit   .   a - +0 robe
rPois   .          Reflect  .   (helmet restricted)
rElec   .          Harm     .   (no cloak)
rCorr   .          Rampage  .   (gloves unavailable)
Will    .....                   (boots unavailable)
Stlth   +.........              (no amulet)
HPRegen 0.91/turn               (no ring)
MPRegen 0.09/turn               (no ring)

@: no status effects
A: large, unfitting armour, claws 3, regeneration 1, shaggy fur 1, tough skin 1
a: no special abilities


You were on level 2 of the Dungeon.
You visited 1 branch of the dungeon, and saw 2 of its levels.

Inventory:

Missiles
 c - 6 boomerangs of dispersal (quivered)
 f - 5 javelins
Armour
 a - a +0 robe (worn)
Scrolls
 b - a scroll of blinking
 g - a scroll of identify {unknown}
Potions
 e - 2 potions of curing {unknown}


   Skills:
 + Level 1.8 Fighting
 + Level 1.0 Throwing
 + Level 2.3 Dodging
 + Level 2.2 Unarmed Combat
 + Level 1.3 Spellcasting
 + Level 2.9 Translocations


You had 4 spell levels left.
You didn't know any spells.
Your spell library contained the following spells:

 Spells                   Type           Power      Damage    Failure   Level
 Blink                    Tloc           10%        N/A       16%         2
 Gell's Gravitas          Tloc           5%         N/A       32%         3
 Lesser Beckoning         Tloc           5%         N/A       32%         3
 Teleport Other           Tloc           5%         N/A       32%         3
 Manifold Assault         Tloc           5%         N/A       96%         5


Dungeon Overview and Level Annotations

Branches:
Dungeon (2/15)

Altars:

Shops:
D:1 [


Innate Abilities, Weirdness & Mutations

You are too large for most types of armour.
You have claws for hands.
Your natural rate of healing is unusually fast.
You are covered in fur. (AC +1)
You have tough skin. (AC +1)


Message History

The gnoll misses you. The gnoll barely misses you.
You closely miss the gnoll.
The gnoll is lightly wounded.
The gnoll hits you but does no damage.
The gnoll hits you from afar with a +0 spear!
You barely miss the gnoll.
The gnoll is lightly wounded.
The gnoll closely misses you. The gnoll hits you with a +0 flail.
You barely miss the gnoll.
The gnoll is lightly wounded.
The gnoll hits you from afar with a +0 spear.
The gnoll closely misses you.
You scratch the gnoll.
The gnoll is heavily wounded.
The gnoll hits you from afar with a +0 spear.
The gnoll closely misses you.
You scratch the gnoll.
The gnoll is severely wounded.
The gnoll hits you from afar with a +0 spear.
The gnoll hits you with a +0 flail!
You completely miss the gnoll.
The gnoll is severely wounded.
The gnoll hits you from afar with a +0 spear.
* * * LOW HITPOINT WARNING * * *
The gnoll completely misses you.
You scratch the gnoll.
You kill the gnoll!
The gnoll hits you from afar with a +0 spear.
* * * LOW HITPOINT WARNING * * *
The gnoll hits you but does no damage. The gnoll closely misses you.
Things that are here:
a +0 flail; a gnoll corpse You barely miss the gnoll.
The gnoll hits you from afar with a +0 spear.
* * * LOW HITPOINT WARNING * * *
The gnoll barely misses you.
You claw the gnoll!
The gnoll is almost dead.
The gnoll hits you with a +0 spear.
You die...

..........)............##..#
......##.##......[...#####†#
......##.##..........# ##.####
......##.####.######.####.....#
##...?.#.####.###.............#
##.##.........)..##.####.....#
###.#......##.######.#*.......#
.)....#.##.##.######.....######
.†.####,*#......@gg..###.* ####
**,*####..###..## #.* #
*...........#.## #g*
#*****...####.##....#**#.*
,,,,,,,*** #.#,.....,,,,**
******,* #.#,*####**,,,*
,*****,*****#.#,*** **,,***
,,,,,,,,,,,,...,,,* *,,,,* ***
***,,,,*****#.#,*,******,**,***,,


You could see 2 gnolls.

Vanquished Creatures
  2 gnolls (D:2)
  An adder (D:2)
  2 dart slugs (D:1)
  An endoplasm (D:1)
  A giant cockroach (D:1)
  3 goblins
  A hobgoblin (D:1)
  2 kobolds (D:2)
  3 quokkas
  2 ball pythons (D:1)
  4 bats
22 creatures vanquished.

Notes
Turn   | Place    | Note
-------+----------+-------------------------------------------
     0 | D:1      | GigaChad the Troll Warper began the quest for the Orb.
     0 | D:1      | Reached XP level 1. HP: 19/19 MP: 1/1
    45 | D:1      | Found Riruxiwn's Antique Armour Boutique.
    87 | D:1      | Reached XP level 2. HP: 27/27 MP: 2/2
   186 | D:1      | Reached skill level 1 in Throwing
   252 | D:2      | Reached XP level 3. HP: 35/35 MP: 3/3
   369 | D:2      | HP: 1/35 [gnoll/+0 spear (6)]
   370 | D:2      | Slain by a gnoll

Illustrated notes

Levels and vault maps discovered:
D:1:      scummos_arrival_star, layout_loops_ring, serial_shops,
          nicolae_square_shop, kennysheep_boxes
D:2:      layout_rooms

Skill      XL: |  1  2 |
---------------+-------+-----
Dodging        | 2 |  2.3
Throwing       | 1 |  1.0
Fighting       | |  1.8
Unarmed Combat | |  2.2
Spellcasting   | |  1.3
Translocations | |  2.9

Action                   || total
-------------------------++-------
Melee: Unarmed           ||    56
       Punch             ||     2
Throw: Boomerang         ||     1
  Use: Scroll            ||     1
Armor: Robe              ||    18
Dodge: Dodged            ||    32

Table legend: (Time is in decaauts)
 A = Elapsed time spent in this place.
 B = Non-inter-level travel time spent in this place.
 C = Inter-level travel time spent in this place.
 D = Time resting spent in this place.
 E = Time spent auto-exploring this place.
 F = Levels seen in this place.
 G = Mean time per level.
                   A        B        C        D        E       F      G
               +--------+--------+--------+--------+--------+-----+--------+
         Total |    368 |    364 |      4 |      0 |      0 |   2 |  184.0 |
       Dungeon |    368 |    364 |      4 |      0 |      0 |   2 |  184.0 |
               +--------+--------+--------+--------+--------+-----+--------+

Top non-repeatable levels by time:
     D:1: 242 daAuts
     D:2: 125 daAuts
